 Dungeon Crawl Stone Soup version 0.29-a0-9-g022ca4c890 (webtiles) character file.

Game seed: 7706868532000160137

301 dolemite99 the Cutter (level 6, -3/42 HPs)
             Began as an Octopode Chaos Knight on Jan 28, 2022.
             Was a Plaything of Xom.
             Killed from afar by an orc wizard (5 damage)
             ... with a puff of flame
             ... on level 3 of the Dungeon.
             The game lasted 00:03:03 (2210 turns).

dolemite99 the Cutter (Octopode Chaos Knight)       Turns: 2210, Time: 00:03:03

Health: -3/42      AC:  1    Str: 13    XL:     6   Next: 37%
Magic:  6/6        EV: 13    Int: 14    God:    Xom [......]
Gold:   97         SH:  0    Dex: 12    Spells: 5/5 levels left

rFire   . . .      SeeInvis .   a - +0 short sword (chaos)
rCold   . . .      Faith    .   k - +0 buckler
rNeg    . . .      Spirit   .   (helmet restricted)
rPois   .          Reflect  +   g - amulet of reflection
rElec   .          Harm     .   (no ring)
rCorr   .          Rampage  .   (no ring)
Will    .....                   (no ring)
Stlth   ++........              (no ring)
HPRegen 0.14/turn               (no ring)
MPRegen 0.10/turn               (no ring)
                                (no ring)
                                (no ring)

@: confused
A: almost no armour, amphibious, 8 rings, camouflage 1, gelatinous body 1,
(nimble swimmer 1), tentacles, wild magic 1
a: Renounce Religion


You were on level 3 of the Dungeon.
You worshipped Xom.
You were a very special plaything of Xom.
You visited 1 branch of the dungeon, and saw 3 of its levels.

You collected 97 gold pieces.

Inventory:

Hand Weapons
 a - a +0 short sword of chaos (weapon)
 d - a +2 dagger of speed
 n - a +2 hunting sling of freezing
 p - a +0 hunting sling
Missiles
 b - 113 stones (quivered)
 j - 2 boomerangs
 o - 18 sling bullets
Armour
 k - a +0 buckler (worn)
Magical Staves
 r - a staff of air
Jewellery
 g - an amulet of reflection (around mantle)
Scrolls
 f - 3 scrolls of identify {unknown}
 h - a scroll of magic mapping {unknown}
Potions
 c - 3 potions of curing {unknown}
 e - a potion of resistance {unknown}
 i - a potion of lignification {unknown}
 l - a potion of degeneration {unknown}
 m - a potion of ambrosia {unknown}
 q - a potion of heal wounds {unknown}


   Skills:
 - Level 3.2 Fighting
 + Level 6.7 Short Blades
 - Level 2.6 Dodging


You had 5 spell levels left.
You didn't know any spells.
Your spell library contained the following spells:

 Spells                   Type           Power      Damage    Failure   Level
 Call Canine Familiar     Summ           0%         N/A       82%         3
 Portal Projectile        Hex/Tloc       0%         N/A       82%         3
 Summon Guardian Golem    Hex/Summ       0%         N/A       82%         3
 Leda's Liquefaction      Hex/Erth       0%         N/A       99%         4
 Orb of Destruction       Conj           0%         9d5       100%        7
 Spellforged Servitor     Conj/Summ      0%         N/A       100%        7
 Chain Lightning          Conj/Air       0%         N/A       100%        9
 Fire Storm               Conj/Fire      0%         5d1       100%        9
 Shatter                  Erth           0%         3d5*      100%        9


Dungeon Overview and Level Annotations

Branches:
Dungeon (3/15)

Altars:


Innate Abilities, Weirdness & Mutations

You cannot wear most types of armour.
You are amphibious.
You can wear up to eight rings at the same time.
Your skin changes colour to match your surroundings (Stealth+).
Your rubbery body absorbs attacks. (AC +1, EV +1)
((You are camouflaged when in or above water. (Stealth+)))
You have tentacles for arms and can constrict up to eight enemies at once.
Your spells are a little harder to cast, but a little more powerful.


Message History

You block the orc's attack.
The orc priest hits you with a +0 hand axe!
You hit the orc priest. You burn the orc priest.
Your grab misses the orc priest.
The orc priest is almost dead.
Something hits you but does no damage. The orc barely misses you.
You hit the orc priest but do no damage.
You grab the orc priest. You squeeze the orc priest.
You kill the orc priest!
You hear some strange, mumbled words.
A puff of flame appears from out of thin air!
The puff of flame hits you.
You miss something. Your squeeze misses something.
The orc hits you with a +0 mace. Something hits you but does no damage.
You hit the orc but do no damage. You grab the orc. You constrict the orc.
You block the orc's attack. Something hits you.
* * * LOW HITPOINT WARNING * * *
You hit the orc.
The orc is poisoned.
The orc is moderately wounded.
You constrict the orc. The orc hits you with a +0 mace.
* * * LOW HITPOINT WARNING * * *
You hit something. You constrict the orc.
You kill the orc!
Found a club.
You close the door.
You start resting.
Something unseen opens the door.
Something is blocking the doorway!
Something hits you.
* * * LOW HITPOINT WARNING * * *
You miss something. Your squeeze misses something. Something barely misses you.
You closely miss something. Your squeeze misses something. You miss something.
Something hits you.
* * * LOW HITPOINT WARNING * * *
You hit something but do no damage.
Nothing appears to happen.
You hear some strange, mumbled words.
You are confused.
You closely miss something. Something hits you but does no damage.
You hear some strange, mumbled words.
A puff of flame appears from out of thin air!
The puff of flame hits you.
You die...

#.......)... #. #.......... ....
#....((... .. #...(... #...... ##
.... #. ####{##### #. #........#
#. #..)@)...# #. #..).....# ##
####.##### # #.# # ##### #.# #
#...#########.######. #
####.#......รท........... ..
#.#..#..........#################
...#.#..........# #...#..........


There were no monsters in sight!

Vanquished Creatures
  A human (shapeshifter) (D:3)
  An orc priest (D:3)
  Robin (D:3)
  4 adders
  2 gnolls (D:2)
  10 orcs (D:3)
  2 bats (D:2)
  4 endoplasms
  14 goblins
  7 hobgoblins
  7 jackals
  3 ball pythons
  2 frilled lizards
  2 kobolds
  5 rats
65 creatures vanquished.

Notes
Turn   | Place    | Note
-------+----------+-------------------------------------------
     0 | D:1      | dolemite99 the Octopode Chaos Knight began the quest for
                  | the Orb.
     0 | D:1      | Reached XP level 1. HP: 16/16 MP: 1/1
   117 | D:1      | XOM: silly message
   231 | D:1      | Reached XP level 2. HP: 20/21 MP: 2/2
   397 | D:1      | XOM: divination: magic mapping
   632 | D:2      | XOM: noise
   644 | D:2      | XOM: smoke on damage
   657 | D:2      | Reached XP level 3. HP: 26/26 MP: 3/3
   851 | D:2      | Reached skill level 4 in Short Blades
  1089 | D:2      | XOM: chaos upgrade
  1095 | D:2      | Reached XP level 4. HP: 25/31 MP: 4/4
  1233 | D:2      | Found a faded altar of an unknown god.
  1583 | D:3      | Noticed a shapeshifter
  1583 | D:3      | a hobgoblin changed into a shapeshifter
  1583 | D:3      | Noticed a human
  1583 | D:3      | a shapeshifter changed into a human
  1587 | D:3      | Killed a human
  1588 | D:3      | Reached skill level 6 in Short Blades
  1588 | D:3      | Reached XP level 5. HP: 35/36 MP: 5/5
  1685 | D:3      | Noticed Robin
  1744 | D:3      | XOM: chaos upgrade
  1763 | D:3      | Reached XP level 6. HP: 42/42 MP: 6/6
  1770 | D:3      | Killed Robin
  2039 | D:3      | XOM: give mutations
  2039 | D:3      | Gained mutation: You are weak. (Str -2) [Xom's mischief]
  2039 | D:3      | Lost mutation: You are weak. (Str -2) [Xom's mischief]
  2039 | D:3      | Gained mutation: Your spells are a little harder to cast,
                  | but a little more powerful. [Xom's mischief]
  2182 | D:3      | XOM: blink monster(s)
  2207 | D:3      | HP: 1/42 [something (5)]
  2210 | D:3      | Killed from afar by an orc wizard

Illustrated notes

Levels and vault maps discovered:
D:1:      zaba_arrival_water, layout_basic
D:2:      layout_loops_ring, shapermc_ecumenical_altar_flowoftime
D:3:      minmay_angry_zag, layout_basic, serial_shops, shop, item_on_display_a,
          uniq_robin

Skill      XL: |  1  2  3  4 |
---------------+-------------+-----
Short Blades   | 4 6 |  6.7
Fighting       | |  3.2
Dodging        | |  2.6

Action                   |  1- 3 |  4- 6 || total
-------------------------+-------+-------++-------
Melee: Short sword       |     7 |    81 ||    88
       Dagger            |    61 |     5 ||    66
       Constrict         |    11 |    23 ||    34
       Tentacles         |    10 |    27 ||    37
       Punch             |       |     1 ||     1
Throw: Stone             |    50 |    29 ||    79
 Stab: Sleeping          |       |     2 ||     2
Armor: Skin              |     2 |     5 ||     7
Dodge: Dodged            |    26 |    20 ||    46
Block: Other             |     9 |       ||     9
       Buckler           |       |    19 ||    19
       Reflection        |       |     3 ||     3

Table legend: (Time is in decaauts)
 A = Elapsed time spent in this place.
 B = Non-inter-level travel time spent in this place.
 C = Inter-level travel time spent in this place.
 D = Time resting spent in this place.
 E = Time spent auto-exploring this place.
 F = Levels seen in this place.
 G = Mean time per level.
                   A        B        C        D        E       F      G
               +--------+--------+--------+--------+--------+-----+--------+
         Total |   2173 |   2109 |     64 |     96 |   1539 |   3 |  724.3 |
       Dungeon |   2173 |   2109 |     64 |     96 |   1539 |   3 |  724.3 |
               +--------+--------+--------+--------+--------+-----+--------+

Top non-repeatable levels by time:
     D:2: 883 daAuts
     D:3: 683 daAuts
     D:1: 606 daAuts
